 Dungeon Crawl Stone Soup version 0.22-a0-348-gd16d139 (webtiles) character file.

172 mhoghedin the Conjurer (level 5, 0/29 HPs)
             Began as a Kobold Conjurer on Apr 9, 2018.
             Killed from afar by an orc wizard (12 damage)
             ... with a puff of flame
             ... on level 3 of the Dungeon.
             The game lasted 00:07:52 (3456 turns).

mhoghedin the Conjurer (Kobold Conjurer)            Turns: 3456, Time: 00:07:53

Health: 0/29       AC:  7    Str:  5    XL:     5   Next: 82%
Magic:  8/8        EV: 15    Int: 18    God:
Gold:   136        SH:  0    Dex: 15    Spells: 0/8 levels left

rFire    x . .     SeeInvis .   q - +0 mace (protect)
rCold    + . .     Gourm    .   (shield restricted)
rNeg     . . .     Faith    .   a - +0 robe
rPois    .         Spirit   .   m - +0 helmet
rElec    .         Reflect  .   (no cloak)
rCorr    .         Harm     .   d - +0 pair of gloves
MR       .....                  (no boots)
Stlth    ++........             k - amulet of magic regeneration
HPRegen  0.09/turn              i - +3 ring of protection
MPRegen  0.36/turn              j - ring of ice {rC+, rF-}

@: no status effects
A: small, carnivore
a: no special abilities


You were on level 3 of the Dungeon.
You were completely stuffed.

You visited 1 branch of the dungeon, and saw 3 of its levels.

You collected 136 gold pieces.

Inventory:

Hand Weapons
 g - a +0 dagger
   (You took it off a goblin on level 1 of the Dungeon)
 q - a +0 mace of protection (weapon)
   (You took it off an orc on level 3 of the Dungeon)
Armour
 a - a +0 robe (worn)
 d - a +0 pair of gloves (worn)
   (You found it on level 3 of the Dungeon)
 m - a +0 helmet (worn)
   (You took it off Robin on level 2 of the Dungeon)
Jewellery
 i - a +3 ring of protection (left hand)
   (You found it on level 1 of the Dungeon)
 j - a ring of ice (right hand) {rC+, rF-}
   (You found it on level 2 of the Dungeon)
 k - an amulet of magic regeneration (around neck)
   (You found it on level 3 of the Dungeon)
Scrolls
 e - 4 scrolls of remove curse
 o - 2 scrolls of identify
Potions
 b - a potion of degeneration {unknown}
 f - 2 potions of haste {unknown}
 h - a potion of might {unknown}
 l - 2 potions of curing
Comestibles
 c - 12 rations


   Skills:
 + Level 1.0 Fighting
 + Level 2.8 Dodging
 - Level 2.6 Stealth
 - Level 2.1 Spellcasting
 - Level 6.0 Conjurations
 - Level 1.7 Hexes


You couldn't memorise any spells.
You knew the following spells:

 Your Spells              Type           Power        Failure   Level  Hunger
a - Magic Dart            Conj           ###.         1%          1    #......
b - Searing Ray           Conj           ###...       2%          2    ###....
c - Dazzling Spray        Conj/Hex       ###...       11%         3    ###....
d - Blink                 Tloc           N/A          26%         2    ###....


Dungeon Overview and Level Annotations

Branches:
Dungeon (3/15)

Altars:
Cheibriados
The Shining One


Innate Abilities, Weirdness & Mutations

You are small and have problems with some larger weapons.
You are carnivorous and can eat meat at any time.


Message History

Your Fighting skill increases to level 1!
Things that are here:
a club; a gnoll corpse You butcher the gnoll corpse.
n - a chunk of flesh {@w0}
Things that are here:
a club; a gnoll skeleton There isn't anything to butcher here.
Things that are here:
a spear; a gnoll corpse You butcher the gnoll corpse.
n - 2 chunks of flesh {@w0} (gained 1)
You see here a spear.
Things that are here:
a club; a gnoll skeleton You start resting.
Eating one of 2 chunks of flesh {@w0}.
You eat one of the 2 chunks of flesh {@w0}.
This raw flesh tastes great.
Health restored: 29; MP restored: 8 You see here a spear.
You now have 108 gold pieces (gained 9).
You pick up a book of Minor Magic and begin reading...
You add the spells Blink, Call Imp, Slow, Conjure Flame and Mephitic Cloud to your library.
c - 11 rations (gained 1)
An adder skeleton comes into view.
Found a stone staircase leading down.
You see here a gold piece.
Aim: an adder skeleton The magic dart hits the adder skeleton.
The adder skeleton misses you.
You now have 7/8 mp.
Aim: an adder skeleton (moderately damaged)
The magic dart hits the adder skeleton.
The adder skeleton bites you but does no damage.
Aim: an adder skeleton (heavily damaged)
The magic dart hits the adder skeleton.
The adder skeleton closely misses you.
You now have 6/8 mp.
Aim: an adder skeleton (almost destroyed)
The magic dart hits the adder skeleton.
You destroy the adder skeleton!
You now have 5/8 mp.
You now have 109 gold pieces (gained 1).
Memorise Blink, consuming 2 spell levels and leaving 0?
You start memorising the spell.
You continue memorising. x2
You finish memorising.
Spell assigned to 'd'.
Okay, then.
Unknown command.
There is a stone staircase leading down here.
c - 12 rations (gained 1)
Found a stone staircase leading up.
MP restored: 8
There is a stone staircase leading up here.
There is a stone staircase leading up here.
You open the door.
There is an open door here.
You see here a dagger.
You now have 120 gold pieces (gained 11).
Found a glowing golden altar of the Shining One.
You now have 136 gold pieces (gained 16).
There is an open door here.
Eating a chunk of flesh {@w0}.
You eat the chunk of flesh {@w0}.
This raw flesh tastes great.
An orc priest comes into view. It is wielding a flail.
An orc priest is nearby!
You can't see any susceptible monsters within range! (Use Z to cast anyway.) Unknown command.
An orc comes into view.
The orc priest hits you with a flail.
You take 3 damage, and have 26/29 hp.
Aim: an orc priest, wielding a flail and wearing a scale mail The spray of energy misses the orc priest.
The spray of energy hits the orc.
The orc shouts!
The orc is dazzled.
You hear a shout!
The orc priest begins to cast a cantrip, but forgets the words!
You now have 5/8 mp.
Aim: an orc priest, wielding a flail and wearing a scale mail The spray of energy hits the orc priest.
The orc priest is dazzled.
The orc wizard shouts!
You hear a shout!
The orc priest mumbles some strange prayers to Beogh against you.
Beogh smites you!
Ouch! That really hurt!
You take 16 damage, and have 10/29 hp.
MASSIVE DAMAGE!!
You now have 3/8 mp.
Okay, then.
Unknown command.
Unknown command.
The orc shouts!
The orc is no longer blind.
An orc comes into view.
The orc wizard gestures at you while chanting.
You resist with some effort.
MP restored: 8 The orc priest calls upon Beogh to heal the orc.
The orc's wounds heal themselves!
The orc wizard gestures at you while chanting.
The puff of flame hits you! The fire burns you terribly!
You die...

##.#.#####.# #.# #.#.#
#.# ##.#.# #.# ...o.#
#.# ###o.# #.# ###..#
#.# .....# #)# ♣♣ ♣♣
###.##################.#
♣. P♣♣
#...oo...o....@......#
♣P♣PP♣
####################.#
#....# #.####..##
#........# #####...##
#####


You could see an orc wizard.

Vanquished Creatures
  Robin (D:2)
  3 gnolls (D:3)
  3 adders
  An ooze (D:1)
  An adder skeleton (D:3)
  2 worms
  4 dart slugs
  A leopard gecko (D:2)
  An orc (D:3)
  3 ball pythons
  2 giant cockroaches
  14 goblins
  12 hobgoblins
  4 kobolds
  A quokka (D:3)
  12 bats
  4 frilled lizards
  12 rats
81 creatures vanquished.

Vanquished Creatures (others)
  5 fungi (D:3)
5 creatures vanquished.

Grand Total: 86 creatures vanquished

Notes
Turn   | Place    | Note
-------+----------+-------------------------------------------
     0 | D:1      | mhoghedin the Kobold Conjurer began the quest for the Orb.
     0 | D:1      | Reached XP level 1. HP: 10/10 MP: 3/3
   295 | D:1      | Reached XP level 2. HP: 15/15 MP: 1/5
   331 | D:1      | Learned a level 2 spell: Searing Ray
   587 | D:1      | Reached XP level 3. HP: 19/19 MP: 0/6
   707 | D:1      | Learned a level 3 spell: Dazzling Spray
   858 | D:1      | Reached skill level 5 in Conjurations
  1525 | D:2      | Noticed Robin
  1544 | D:2      | Reached XP level 4. HP: 24/24 MP: 4/7
  1577 | D:2      | Killed Robin
  2031 | D:2      | Reached skill level 1 in Hexes
  2316 | D:3      | Reached XP level 5. HP: 28/28 MP: 4/8
  2391 | D:3      | Found a snail-covered altar of Cheibriados.
  2549 | D:3      | HP: 4/28 [orc priest/divine providence (16)]
  2967 | D:3      | Reached skill level 6 in Conjurations
  3145 | D:3      | Reached skill level 1 in Fighting
  3226 | D:3      | Learned a level 2 spell: Blink
  3314 | D:3      | Found a glowing golden altar of the Shining One.
  3456 | D:3      | Killed from afar by an orc wizard

Vault maps used:
D:1:      minmay_arrival_wavy_path
D:2:      first_ration, uniq_robin
D:3:      nicolae_tso_swordbearing_angel, kennysheep_slug_shrine,
          uniq_crazy_yiuf_cottage

Skill      XL: |  1  2  3  4  5 |
---------------+----------------+-----
Conjurations   | 5 6 |  6.0
Hexes          | 1 |  1.7
Fighting       | 1 |  1.0
Dodging        | |  2.8
Stealth        | |  2.6
Spellcasting   | |  2.1

Action                   |  1- 3 |  4- 6 || total
-------------------------+-------+-------++-------
Melee: Unarmed           |     2 |       ||     2
       Dagger            |     7 |       ||     7
       Mace              |       |    21 ||    21
 Cast: Magic Dart        |    59 |    63 ||   122
       Searing Ray       |     2 |     9 ||    11
       Dazzling Spray    |       |     6 ||     6
  Use: Scroll            |     1 |     3 ||     4
  Eat: Chunk             |    11 |     8 ||    19
Armor: Robe              |     7 |    20 ||    27
Dodge: Dodged            |    21 |    55 ||    76

Table legend:
 A = Spawn XP
 B = Non-spawn XP
 C = Spawn XP percentage of total XP
 D = Spawn monster count
 E = Non-spawn monster count
 F = Spawn count percentage of total count
 G = Total turns spent on level
                    A         B        C        D         E        F      G
               +---------+---------+-------+---------+---------+-------+---------
         Total |       0 |     246 |   0.0 |       0 |      81 |   0.0 |  3456
               +---------+---------+-------+---------+---------+-------+---------
           D:1 |       0 |      61 |   0.0 |       0 |      30 |   0.0 |  1511
           D:2 |       0 |      77 |   0.0 |       0 |      29 |   0.0 |   723
           D:3 |       0 |     108 |   0.0 |       0 |      22 |   0.0 |  1222
               +---------+---------+-------+---------+---------+-------+---------

Vault maps used:
D:1:      minmay_arrival_wavy_path
D:2:      first_ration, uniq_robin
D:3:      nicolae_tso_swordbearing_angel, kennysheep_slug_shrine,
          uniq_crazy_yiuf_cottage

Table legend:
 A = Turns spent in this place as a percentage of turns spent in the entire game.
 B = Non-inter-level travel turns spent in this place as a percentage of non-inter-level travel turns spent in the entire game.
 C = Inter-level travel turns spent in this place as a percentage of turns spent in this place.
 D = Turns resting spent in this place as a percentage of non-inter-level travel turns spent in this place.
 E = Turns spent auto-exploring this place as a percentage of non-inter-level travel turns spent in this place.
 F = Non-inter-level travel turns spent in this place divided by the number of levels of this place that you've seen.
                   A       B       C       D       E      F
               +-------+-------+-------+-------+-------+----------------------
         Total | 100.0 | 100.0 |   1.9 |  30.0 |  49.9 | 1130.3
       Dungeon | 100.0 | 100.0 |   1.9 |  30.0 |  49.9 | 1130.3
               +-------+-------+-------+-------+-------+----------------------

Table legend:
 A = Kills in this place as a percentage of kills in entire the game.
 B = Kills by you in this place as a percentage of kills by you in the entire game.
 C = Kills by friends in this place as a percentage of kills by friends in the entire game.
 D = Other kills in this place as a percentage of other kills in the entire game.
 E = Experience gained in this place as a percentage of experience gained in the entire game.
 F = Experience gained in this place divided by the number of levels of this place that you have seen.
                   A       B       C       D       E      F
               +-------+-------+-------+-------+-------+----------------------
         Total | 100.0 | 100.0 |   N/A |   N/A | 100.0 |  82.0
       Dungeon | 100.0 | 100.0 |   N/A |   N/A | 100.0 |  82.0
               +-------+-------+-------+-------+-------+----------------------
